Cogmind - Beta 15 @@@ ROGUE MODE // 2025.05.08 @ 21:02:21 Player: Eggpie Result: Destroyed by G-34 Mercenary with Small Laser Performance ------------- Evolutions (1) 500 Regions Visited (2) 400 Robots Destroyed (28) 140 Value Destroyed (602) 602 Prototype IDs (3) 60 Alien Tech Used (0) 0 Bonus (0) 0 TOTAL SCORE: 1702 Bonus ------- None Cogmind --------- Core Integrity 0/400 Matter 113/300 Energy 240/240 System Corruption 8% Temperature Cool (6) Movement Walking (400) Ox4 Location -9/Materials Parts ------- > --- POWER (2) -------- Nuclear Core > --- PROPULSION (3) --- Aluminum Leg Aluminum Leg > --- UTILITY (2) ------ Huge Storage Unit Advanced Targeting Computer > --- WEAPON (2) ------- Autogun > --- INVENTORY (25) --- Advanced Targeting Computer Advanced Targeting Computer Advanced Targeting Computer Field Laser Light Assault Rifle Rocket Launcher Rocket Launcher Peak State ------------ > --- POWER ------------ Nuclear Core Nuclear Core > --- PROPULSION ------- VTOL Module > --- UTILITY ---------- Huge Storage Unit Improved Targeting Computer > --- WEAPON ----------- Field Laser Field Laser > --- INVENTORY -------- Advanced Targeting Computer Advanced Targeting Computer Advanced Targeting Computer Advanced Targeting Computer Field Laser Field Laser Light Assault Rifle Autogun Shotgun Rocket Launcher Rocket Launcher [Rating: 19] Favorites ----------- Power Ion Engine Engine Ion Engine Power Core Nuclear Core Propulsion Light Treads Treads Light Treads Leg Aluminum Leg Flight Unit VTOL Module Utility Huge Storage Unit Storage Huge Storage Unit Processor Improved Targeting Computer Weapon Medium Laser Energy Gun Medium Laser Ballistic Gun Shotgun Launcher Rocket Launcher Build | -11 -10 -9 ------- Run | Yrd Mat Mat Slots Evolved 2 | . . 2 Power 1 | . . 1 Propulsion 1 | . . 1 Utility . | . . . Weapon . | . . . Parts Attached 28 | 6 3 19 Power 5 | 1 . 4 Engine 2 | 1 . 1 Core 3 | . . 3 Reactor . | . . . Propulsion 6 | 2 . 4 Treads 2 | 2 . . Leg 2 | . . 2 Wheel . | . . . Hover . | . . . Flight 2 | . . 2 Utility 7 | 1 2 4 Device . | . . . Storage 4 | 1 2 1 Processor 3 | . . 3 Hackware . | . . . Protection . | . . . Artifact . | . . . Weapon 10 | 2 1 7 Energy Gun 6 | 2 1 3 Energy Cannon . | . . . Ballistic Gun 3 | . . 3 Ballistic Cannon . | . . . Launcher 1 | . . 1 Special Weapon . | . . . Impact Weapon . | . . . Slashing Weapon . | . . . Piercing Weapon . | . . . Special Melee Weapon . | . . . Unidentified Prototypes . | . . . Parts Lost 13 | . 2 11 Power 3 | . . 3 Propulsion 4 | . 1 3 Utility 1 | . . 1 Weapon 5 | . 1 4 Highest Loss Streak 8 | . 2 8 To Critical Strikes . | . . . Average Backups 2 | . . 5 Power . | . . . Propulsion . | . . . Utility 1 | . . 2 Weapon 1 | . . 2 Tool/Special . | . . . Unused Backups 5 | . . 5 Power . | . . . Propulsion . | . . . Utility 3 | . . 3 Weapon 2 | . . 2 Tool/Special . | . . . Average Slot Usage (%) 75 | . 92 61 Engine 11 | . 14 9 Core 2 | . . 4 Treads 14 | . 27 2 Flight 6 | . . 11 Storage 14 | . 24 6 Processor 5 | . . 10 Energy Gun 12 | . 24 2 Ballistic Gun 5 | . . 9 Launcher 1 | . . 1 Peak Build Rating 19 | 6 7 19 Average Rating 8 | 5 6 10 On Entrance 3 | . 6 3 Naked Turns . | . . . Heaviest Build 99 | 14 92 99 Greatest Support 40 | 40 40 20 Greatest Overweight (x) 30 | . 4 30 Average Overweight (x) 1 | . . 2 Largest Inventory Capacity 25 | 8 25 25 Average Capacity 16 | 7 19 15 Most Carried 11 | 5 2 11 Average Carried 2 | . . 5 Final Capacity 25 | 8 5 25 Final Carried 7 | . 1 7 Class Distribution -------------------- 97% | Mutant Dominant Class ---------------- Mutant | -10/Materials Mutant | -9/Materials Resources | -11 -10 -9 ----------- Run | Yrd Mat Mat Matter Collected 512 | 197 177 138 Remotely . | . . . Salvage Created 803 | . 278 525 Parts 54 | . 17 37 Haulers Intercepted . | . . . Recyclers Shooed . | . . . Parts Field Recycled . | . . . Retrieved Matter . | . . . Parts Self-Destructed . | . . . Prevented . | . . . Kills | -11 -10 -9 ------- Run | Yrd Mat Mat Combat Hostiles Destroyed 24 | . 8 16 Guns 17 | . 6 11 AOE 7 | . 2 5 Classes Destroyed 7 | . 2 5 Worker 2 | . . 2 Recycler 1 | . . 1 Watcher 1 | . . 1 Swarmer 12 | . 3 9 Grunt 9 | . 5 4 Brawler 1 | . . 1 Sentry 2 | . . 2 Best Kill Streak 7 | . 5 7 Combat Bots Only 5 | . 5 5 Max Kills in Single Turn 4 | . 2 4 Gunslinging 1 | . 1 1 Exploded 3 | . 2 3 Melee . | . . . Uniques/NPCs Destroyed . | . . . Combat | -11 -10 -9 -------- Run | Yrd Mat Mat Hostile Shots Fired 251 | . 78 173 Missed 61 | . 19 42 Hits 190 | . 59 131 Melee 5 | . . 5 Projectile 185 | . 59 126 Critical Strikes 2 | . . 2 Damage Taken 1995 | . 640 1355 Core 512 | . 106 406 Absorbed by Shields . | . . . Regen/Repaired (Parts) 57 | . 57 . Core Remaining (%) 78 | 100 57 . Volleys Fired 62 | 4 25 33 Largest 2 | 2 2 2 Hottest 126 | 90 90 126 Shots Fired 99 | 8 40 51 Gun 95 | 8 40 47 Cannon . | . . . Launcher 4 | . . 4 Special . | . . . Kinetic 29 | . . 29 Thermal 56 | 4 34 18 Explosive 4 | . . 4 Electromagnetic 10 | 4 6 . Robot Hit Streak 14 | 3 8 14 Robot Miss Streak 5 | 1 3 5 Penetration Max . | . . . Secondary Targets 5 | . 3 2 Max Gunslinging Chain 1 | . 1 1 Shots Hit Robots 63 | 4 25 34 Core Hits 38 | . 13 25 Critical Kills 1 | . . 1 Critical Parts Destroyed . | . . . Critical Strikes 4 | . . 4 Burn 3 | . . 3 Destroy 1 | . . 1 Melee Attacks . | . . . Impact . | . . . Slashing . | . . . Piercing . | . . . Sneak Attacks . | . . . Combat Hostiles . | . . . Follow-up Attacks . | . . . Damage Inflicted 1413 | 64 398 951 Guns 871 | 64 304 503 Cannons . | . . . Explosions 542 | . 94 448 Melee . | . . . Ramming . | . . . Kinetic 296 | . . 296 Thermal 604 | 49 348 207 Explosive 448 | . . 448 Electromagnetic 65 | 15 50 . Impact . | . . . Slashing . | . . . Piercing . | . . . Highest Corruption 8 | . . 8 Average Corruption 3 | . . 3 Corruption Purged . | . . . Corruption Blocked . | . . . Effects 8 | . . 8 Message Errors 3 | . . 3 Matter Fused 2 | . . 2 Heat Flow Errors 1 | . . 1 Energy Discharges 1 | . . 1 Parts Fused 1 | . . 1 Overload Shots . | . . . Overflow Damage 14 | . . 14 Projectiles . | . . . Explosions 14 | . . 14 Melee . | . . . Knockbacks . | . . . Impact . | . . . Kinetic . | . . . Secondary . | . . . Self-Inflicted Damage . | . . . Shots . | . . . Rammed . | . . . Targets Rammed . | . . . Kicked . | . . . Crushed . | . . . Highest Temperature 744 | 120 369 744 Average Temperature 181 | 61 116 268 Received Heat Transfer 705 | . 294 411 Effects 19 | . 1 18 Shutdowns 4 | . . 4 Energy Bleed 1 | . . 1 Interference 3 | . . 3 Matter Decay 2 | . 1 1 Damage (minor) 1 | . . 1 Damage (major) 8 | . . 8 Siege Activations . | . . . Martial Activations . | . . . Shielding Activations . | . . . Robots Disrupted . | . . . Combat Hostiles . | . . . Robots Corrupted . | . . . Combat Hostiles . | . . . Parts Fried . | . . . Impact Corruptions . | . . . Robots Melted . | . . . Combat Hostiles . | . . . Parts Melted 3 | . 1 2 Heat Transferred 1610 | 148 796 666 Parts Sabotaged . | . . . Parts Stolen . | . . . Parts Stripped . | . . . Power Chain Reactions 1 | . 1 . Alert | -11 -10 -9 ------- Run | Yrd Mat Mat Maximum Alert Level . | . . . Low Security (%) 100 | 100 100 100 Level 1 . | . . . Level 2 . | . . . Level 3 . | . . . Level 4 . | . . . Level 5 . | . . . High Security . | . . . Max Security . | . . . Peak Influence 192 | . 132 192 Initial 40 | . . 40 Average 61 | . 44 87 Influence Increases 648 | . 211 437 Destroy 0b10 Robot/C 480 | . 160 320 Destroy 0b10 Robot/NC 20 | . . 20 Destroy Leader 102 | . 40 62 Successful Hack 25 | . 11 14 Destroy Structure 21 | . . 21 Influence Decreases 489 | . 115 374 Entered New Map 56 | . . 56 Time Decay 313 | . 95 218 Lost Part 120 | . 20 100 Squads Dispatched 3 | . 1 2 Investigation 1 | . 1 . Extermination . | . . . Reinforcement 2 | . . 2 Assault . | . . . Garrison . | . . . Intercept . | . . . Searches Triggered . | . . . Construction Impeded 1 | . . 1 Haulers Reinforced . | . . . Active Scanning Responses . | . . . Cargo Convoy Interrupts . | . . . Stealth | -11 -10 -9 --------- Run | Yrd Mat Mat Distress Signals 5 | . 2 3 Communications Jammed . | . . . Distress Signals . | . . . Times Spotted 38 | . 14 24 Peak Tracking Total 6 | . 4 6 Tactical Retreats . | . . . Traps | -11 -10 -9 ------- Run | Yrd Mat Mat Traps Triggered 2 | . . 2 Indirectly . | . . . Trap Hack Attempts . | . . . Triggered . | . . . Disarmed . | . . . Reprogrammed . | . . . Reused . | . . . Traps Extracted . | . . . Installed . | . . . Triggered . | . . . Machines | -11 -10 -9 ---------- Run | Yrd Mat Mat Machines Disabled . | . . . Max in Single Turn . | . . . Machines Repaired . | . . . Machines Dismantled . | . . . Machines Sabotaged . | . . . Overloaded Fab Kills . | . . . Hacking | -11 -10 -9 --------- Run | Yrd Mat Mat Machines Accessed 9 | . 5 4 Terminals 7 | . 4 3 Fabricators . | . . . Repair Stations 1 | . 1 . Recycling Units 1 | . . 1 Scanalyzers . | . . . Garrison Access . | . . . Total Hacks 31 | . 21 10 Successful 23 | . 16 7 Failed 8 | . 5 3 Catastrophic 2 | . . 2 Database Lockouts . | . . . Manual . | . . . Terminals 25 | . 18 7 Fabricators . | . . . Repair Stations 3 | . 3 . Recycling Units 3 | . . 3 Scanalyzers . | . . . Garrison Access . | . . . Terminal Hacks 19 | . 14 5 Record 10 | . 8 2 Prototype ID Bank 2 | . 1 1 Emergency Access Points 1 | . 1 . Alert Level 3 | . 3 . Locate Traps 1 | . 1 . Dispatch Records 1 | . . 1 Hauler Manifests 1 | . . 1 Fabricator Hacks . | . . . Repair Station Hacks 2 | . 2 . Scan Component 1 | . 1 . Repair 1 | . 1 . Recycling Unit Hacks 2 | . . 2 Process 1 | . . 1 Retrieve Components 1 | . . 1 Scanalyzer . | . . . Garrison Access Hacks . | . . . Unauthorized Hacks . | . . . Terminals . | . . . Fabricators . | . . . Repair Stations . | . . . Recycling Units . | . . . Scanalyzers . | . . . Garrison Access . | . . . Data Cores Recovered . | . . . Used . | . . . Hacking Detections 8 | . 5 3 Full Trace Events 3 | . 1 2 Feedback Events . | . . . Feedback Blocked . | . . . Robot Schematics Acquired . | . . . Robots Built . | . . . Authchips . | . . . Time . | . . . Total Robot Build Rating . | . . . Part Schematics Acquired . | . . . Parts Built . | . . . Authchips . | . . . Time . | . . . Total Part Build Rating . | . . . Parts Repaired 1 | . 1 . Time 26 | . 26 . Parts Recycled . | . . . Recycled Matter 24 | . . 24 Retrieved Matter . | . . . Retrieved Components . | . . . Parts Scanalyzed . | . . . Part Schematics Acquired . | . . . Parts Damaged . | . . . Bothacking | -11 -10 -9 ------------ Run | Yrd Mat Mat Used RIF Installer . | . . . Robots Hacked . | . . . Non-combat . | . . . Combat . | . . . Robot Hacks Applied . | . . . Relay Couplers Released . | . . . Fabnet Peak Effective % . | . . . Robots Rewired . | . . . Allies Hacked . | . . . Hacks Repelled . | . . . Allies | -11 -10 -9 -------- Run | Yrd Mat Mat Total Allies . | . . . Largest Group . | . . . Highest-Rated Group . | . . . Highest-Rated Ally . | . . . Total Orders . | . . . Ally Attacks . | . . . Total Damage . | . . . Kills . | . . . Allies Corrupted . | . . . Allies Melted . | . . . Intel | -11 -10 -9 ------- Run | Yrd Mat Mat Active Infowar (turns) 77 | . . 77 Optics 77 | . . 77 Robot Analysis Total . | . . . Derelict Logs Recovered . | . . . Drone Launches . | . . . Drone Recoveries . | . . . Exploration | -11 -10 -9 ------------- Run | Yrd Mat Mat Turns Passed 1020 | 90 428 502 Spaces Moved 367 | 51 150 166 Core 16 | 13 . 3 Treads 213 | 38 150 25 Legs 4 | . . 4 Wheels . | . . . Hover . | . . . Flight 134 | . . 134 Fastest Speed 50 | 50 160 114 Average Speed 216 | 131 236 224 Slowest Speed 1550 | 160 480 1550 Overloaded Moves . | . . . Propulsion Burnouts . | . . . Robots Hopped . | . . . Potential Cave-ins . | . . . Cave-ins Triggered . | . . . Exploration Rate (%) 17 | 5 27 19 Regions Visited 2 Branch Regions . Pre-discovered Areas . | . . . Known Exits Taken . | . . . Unknown Exits Taken 2 | 1 1 . Scrap Searched . | . . . Spaces Dug . | . . . Terrain Destroyed 22 | . . 22 Melee . | . . . Projectile . | . . . AOE 22 | . . 22 Terrain Rammed . | . . . Walls Destroyed . | . . . Machines Disabled . | . . . Actions | -11 -10 -9 --------- Run | Yrd Mat Mat Total 495 | 65 184 246 Wait . | . . . Move 365 | 50 149 166 Hop . | . . . Pick Up 33 | 5 4 24 Fast Attach 1 | 1 . . Attach 23 | 5 2 16 Detach . | . . . Swap 5 | . 1 4 Drop 6 | . 3 3 Fire 62 | 4 25 33 Melee . | . . . Ram . | . . . Kick . | . . . Crush . | . . . Escape Stasis . | . . . Rewire . | . . . Trap . | . . . Miscellaneous . | . . . Route ------- -11/Scrapyard -10/Materials -9/Materials (discovered 1 exit: [*Min]) History --------- Turn | Location | Event 10 | -11/Scrapyard | Discovered new exit (range 14) 91 | -11/Scrapyard | Entered Materials 92 | -10/Materials | Met a group of wandering Federalists 315 | -10/Materials | Build established: Mutant 362 | -10/Materials | Discovered new exit (range 7) 485 | -10/Materials | Repaired Med. Laser? 519 | -10/Materials | Entered another Materials area 519 | -9/Materials | Evolved 2 slots: Power x1, Propulsion x1 691 | -9/Materials | Discovered new exit (range 17) 930 | -9/Materials | Core integrity fell below 50% 963 | -9/Materials | Core integrity fell below 20% 989 | -9/Materials | Lost 8 parts (2p2n1u3w) 1021 | -9/Materials | Destroyed by G-34 Mercenary with Small Laser Last Messages --------------- 00946_ S-10 Pest destroyed. 00955_ Field Laser destroyed. 00959_ U-05 Engineer builds a Wall. 00959_ S-10 Pest destroyed. 00963_ U-05 Engineer builds a Wall. 00968_ Acquired Aluminum Leg. 00968_ U-05 Engineer lays Concrete. 00972_ K-01 Serf collects debris. 00975_ S-10 Pest destroyed. 00975_ K-01 Serf collects debris. 00977_ G-34 Mercenary destroyed. 00979_ K-01 Serf collects debris. 00980_ S-10 Pest destroyed. 00984_ K-01 Serf collects debris. 00984_ Acquired 33 matter. 00987_ K-01 Serf collects debris. 00992_ K-01 Serf destroyed. 01010_ 1K=ST#Q0D7